 Dungeon Crawl Stone Soup version 0.26-a0-652-gafc20e3620 (webtiles) character file.

Game seed: 13493213066949756685

1627 KristoblXynda the Ruffian (level 8, 0/67 HPs)
             Began as a Troll Hedge Wizard on Oct 2, 2020.
             Was an Initiate of Ashenzari.
             Slain by a troll (9 damage)
             ... on level 7 of the Dungeon on Oct 4, 2020.
             The game lasted 00:12:48 (4471 turns).

KristoblXynda the Ruffian (Troll Hedge Wizard)      Turns: 4471, Time: 00:12:48

Health: 0/67       AC:  8    Str: 19    XL:     8   Next: 65%
Magic:  10/10      EV: 12    Int: 11    God:    Ashenzari [......]
Gold:   157        SH:  0    Dex: 10    Spells: 10/11 levels left

rFire    . . .     SeeInvis .     - Unarmed
rCold    + . .     Faith    .   (no shield)
rNeg     . . .     Spirit   .   b - +0 robe
rPois    .         Reflect  .   c - +1 hat
rElec    .         Harm     .   o - +0 cloak
rCorr    .         Rampage  .   (gloves unavailable)
MR       +....                  (boots unavailable)
Stlth    +.........             (no amulet)
HPRegen  0.61/turn              w - ring of protection from magic
MPRegen  0.12/turn              g - ring of protection from cold

@: stab
A: large, unfitting armour, claws 3, regeneration 1, shaggy fur 1, tough skin 3
a: Curse Item, Renounce Religion


You were on level 7 of the Dungeon.
You worshipped Ashenzari.
Ashenzari was noncommittal.
You visited 2 branches of the dungeon, and saw 8 of its levels.
You also visited: Sewer.

You collected 339 gold pieces.
You spent 182 gold pieces at shops.

Inventory:

Hand Weapons
 i - a +5 flail of holy wrath
Armour
 b - a +0 robe (worn)
 c - a +1 hat (worn)
 o - a +0 cloak (worn)
Jewellery
 g - a ring of protection from cold (right claw)
 w - a ring of protection from magic (left claw)
Wands
 d - a wand of iceblast (3)
 k - a wand of digging (7)
Scrolls
 a - 2 scrolls of enchant weapon
 j - 7 scrolls of remove curse
 l - 4 scrolls of fear
 n - 2 scrolls of immolation
 r - 2 scrolls of fog
 s - 4 scrolls of teleportation
Potions
 e - a potion of haste
 f - 3 potions of stabbing
 h - a potion of lignification
 m - 5 potions of brilliance
 p - a potion of flight
 q - 5 potions of curing
 t - 2 potions of heal wounds
 v - a potion of might


   Skills:
 + Level 5.4 Dodging
 - Level 1.0 Stealth
 + Level 6.2 Unarmed Combat
 - Level 2.0 Spellcasting
 + Level 4.7 Conjurations
   Level 0.6 Summonings
   Level 0.6 Translocations


You had 10 spell levels left.
You knew the following spells:

 Your Spells              Type           Power        Failure   Level
a - Magic Dart            Conj           ##..         4%          1

Your spell library contained the following spells:

 Spells                   Type           Power        Failure   Level
 Foxfire                  Conj/Fire      #...         11%         1
 Conjure Flame            Conj/Fire      #.......     32%         3
 Blink                    Tloc           N/A          34%         2
 Call Imp                 Summ           #.......     34%         2
 Slow                     Hex            #.......     41%         2
 Mephitic Cloud           Conj/Pois/Air  #.......     41%         3
 Inner Flame              Hex/Fire       #.......     65%         3
 Sticky Flame             Conj/Fire      #.......     73%         4
 Fireball                 Conj/Fire      #.........   97%         5


Dungeon Overview and Level Annotations

Branches:
Dungeon (7/15)             Temple (1/1) D:6           Sewer (visited)

Altars:
Ashenzari
Dithmenos
Elyvilon
Fedhas
Hepliaklqana
Kikubaaqudgha
Makhleb
Nemelex Xobeh
Okawaru
Qazlal
Trog
Uskayaw
Vehumet
Yredelemnul
Zin
The Shining One

Shops:
D:5 ?[?


Innate Abilities, Weirdness & Mutations

You are too large for most types of armour.
You have claws for hands.
Your natural rate of healing is unusually fast.
You are covered in fur. (AC +1)
You have extremely tough skin. (AC +3)


Message History

Evoke which item? (* to show all) (? for menu, Esc to quit)
Aiming: Disintegrate
Press: ? - help, Shift-Dir - straight line, f/p - troll
Aim: a troll (moderately wounded, chance to defeat MR: 65%)
The troll struggles to resist.
The troll misses you. The troll barely misses you. The troll claws you!
Unknown command.
Evoke which item? (* to show all) (? for menu, Esc to quit)
Aiming: Disintegrate
Press: ? - help, Shift-Dir - straight line, f/p - troll
Aim: a troll (lightly wounded, chance to defeat MR: 65%)
The troll is blasted!!
The now-empty wand crumbles to dust.
The troll bites you. The troll claws you. The troll claws you!
* * * LOW HITPOINT WARNING * * *
Unknown command.
You feel ready to backstab. The troll bites you!
* * * LOW HITPOINT WARNING * * *
The troll claws you!
You die...

### ### #P.
.P# #.#+#.#
#Y#?#.#
#.###.# #
#P...P#
#.###Z###.#
#..@TS....#
#..##.###...#
#.. .... .#
#...###.##
#.... ..
##..# ##. #..
.. #.. ..


You could see a troll, an adder and a howler monkey skeleton.

Vanquished Creatures
  Menkaure (D:4)
  Edmund (D:4)
  A sky beast (D:6)
  An ice beast (D:6)
  An orc warrior (D:6)
  2 bullfrogs (D:6)
  A water moccasin zombie (D:5)
  3 scorpions
  2 howler monkeys
  A centaur zombie (D:6)
  2 hounds
  A bullfrog zombie (D:5)
  A centaur skeleton (D:4)
  2 orc wizards (D:6)
  An orc priest (D:6)
  3 iguanas
  3 worker ants
  A worker ant zombie (D:6)
  7 adders
  A howler monkey skeleton (D:5)
  8 river rats (Sewer)
  A shadow imp (D:5)
  2 white imps
  2 oozes
  An adder skeleton (D:6)
  4 worms
  A dart slug (D:1)
  7 leopard geckos
  13 orcs
  3 giant cockroaches
  8 goblins
  4 hobgoblins
  6 jackals (D:3)
  22 kobolds
  6 quokkas
  7 ball pythons
  8 bats
  4 frilled lizards
  A jackal zombie (D:5)
  A leopard gecko skeleton (D:4)
  22 rats
167 creatures vanquished.

Vanquished Creatures (others)
  An orc (D:4)
  A plant (D:7)
  10 withered plants (D:2)
12 creatures vanquished.

Grand Total: 179 creatures vanquished

Notes
Turn   | Place    | Note
-------+----------+-------------------------------------------
     0 | D:1      | KristoblXynda the Troll Hedge Wizard began the quest for
                  | the Orb.
     0 | D:1      | Reached XP level 1. HP: 16/16 MP: 2/2
    88 | D:1      | Reached skill level 1 in Conjurations
   163 | D:1      | Reached XP level 2. HP: 24/24 MP: 4/4
   179 | D:1      | Reached skill level 1 in Unarmed Combat
   214 | D:1      | You fall into a shaft and drop 1 floor!
   214 | D:2      | Found a faded altar of an unknown god.
   273 | D:2      | You fall into a shaft and drop 2 floors!
   286 | D:4      | Noticed Menkaure
   369 | D:4      | Noticed Edmund
   450 | D:4      | HP: 1/24 [Edmund/+5 flail of holy wrath (9)]
   485 | D:4      | Reached XP level 3. HP: 19/31 MP: 5/5
   673 | D:4      | Noticed a scorpion
   676 | D:4      | Reached XP level 4. HP: 38/39 MP: 6/6
   687 | D:4      | Reached skill level 2 in Unarmed Combat
   778 | D:4      | Reached XP level 5. HP: 32/45 MP: 7/7
   812 | D:4      | Killed Edmund
   812 | D:4      | Reached skill level 3 in Unarmed Combat
   837 | D:4      | Reached XP level 6. HP: 52/53 MP: 8/8
   859 | D:4      | Killed Menkaure
  1741 | D:2      | Found a basalt altar of Yredelemnul.
  1761 | D:2      | Found an ancient bone altar of Kikubaaqudgha.
  1799 | D:2      | Reached skill level 4 in Unarmed Combat
  1985 | D:2      | Reached XP level 7. HP: 55/59 MP: 9/9
  2241 | D:2      | Found a glowing silver altar of Zin.
  2476 | D:5      | Entered Level 5 of the Dungeon
  2505 | D:5      | Found Kuli's Magic Scroll Shoppe.
  2512 | D:5      | Bought a scroll of identify for 26 gold pieces
  2512 | D:5      | Bought a scroll of remove curse for 39 gold pieces
  2512 | D:5      | Bought a scroll of remove curse for 39 gold pieces
  2512 | D:5      | Bought a scroll of remove curse for 39 gold pieces
  2512 | D:5      | Bought a scroll of remove curse for 39 gold pieces
  2628 | D:5      | Found a stormy altar of Qazlal.
  2637 | D:5      | Found a glowing drain.
  2644 | Sewer    | Entered a sewer
  2851 | Sewer    | HP: 2/59 [river rat (7)]
  3277 | D:5      | Reached skill level 5 in Unarmed Combat
  3385 | D:5      | Found Senuom's Magic Scroll Shop.
  3473 | D:5      | Found Sivol's Armour Shop.
  3763 | D:6      | Reached XP level 8. HP: 66/67 MP: 10/10
  3863 | D:6      | Identified the cursed +1 leather armour "Amycuts" {*Contam
                  | +Fly MR+}
  3903 | D:6      | Reached skill level 5 in Dodging
  4037 | D:6      | Found a staircase to the Ecumenical Temple.
  4043 | Temple   | Entered the Ecumenical Temple
  4118 | Temple   | Became a worshipper of Ashenzari the Shackled
  4147 | D:6      | Reached skill level 6 in Unarmed Combat
  4462 | D:7      | Noticed a troll
  4471 | D:7      | Slain by a troll

Illustrated notes

Levels and vault maps discovered:
D:1:      arrival_zaba_pyramid, layout_basic
D:2:      minmay_alternating_diamond, layout_loops_ring,
          overflow_temple_1_default, old_standard_altar,
          kiku_gazebo_garden_becter, chequers_ecumenical_altar_island
D:3:      layout_rooms, chequers_avenue
D:4:      layout_basic, minmay_fractal_squares_diagonal_5, uniq_menkaure,
          uniq_edmund
D:5:      layout_loops_ring, cheibrodos_sewer_entry_sluice, serial_shops,
          kennysheep_mini_moat, kennysheep_mini, shop, minivault_25,
          grunt_decor_arrowhead, nicolae_qazlal_eye_of_the_storm
D:6:      layout_rooms, temple_fountains
D:7:      layout_cave_pods, xom_redecorated, marbit_many_paths, enter_bailey_3,
          minmay_shattered_shrine
Temple:   dshaligram_water_room_temple

Skill      XL: |  1  2  3  4  5  6  7  8 |
---------------+-------------------------+-----
Conjurations   | 1 2 3 4 |  4.7
Unarmed Combat | 1 2 3 4 5 6 |  6.2
Dodging        | 2 3 4 5 |  5.4
Stealth        | |  1.0
Spellcasting   | |  2.0
Summonings     | |  0.6
Translocations | |  0.6

Action                   |  1- 3 |  4- 6 |  7- 9 || total
-------------------------+-------+-------+-------++-------
Melee: Unarmed           |    93 |   193 |   321 ||   607
       Punch             |       |       |     4 ||     4
Evoke: Wand              |       |       |     7 ||     7
  Use: Scroll            |     4 |     5 |     7 ||    16
       Potion            |       |     3 |     4 ||     7
 Stab: Sleeping          |     1 |     2 |     2 ||     5
Armor: Robe              |    30 |    66 |   184 ||   280
Dodge: Dodged            |    62 |   102 |   275 ||   439

Table legend: (Time is in decaauts)
 A = Elapsed time spent in this place.
 B = Non-inter-level travel time spent in this place.
 C = Inter-level travel time spent in this place.
 D = Time resting spent in this place.
 E = Time spent auto-exploring this place.
 F = Levels seen in this place.
 G = Mean time per level.
                   A        B        C        D        E       F      G
               +--------+--------+--------+--------+--------+-----+--------+
         Total |   4441 |   4257 |    184 |    528 |   2034 |   9 |  493.4 |
       Dungeon |   3884 |   3712 |    172 |    459 |   1938 |   7 |  554.9 |
        Temple |     88 |     76 |     12 |      0 |     56 |   1 |   88.0 |
         Sewer |    468 |    468 |      0 |     69 |     40 |   1 |  468.0 |
               +--------+--------+--------+--------+--------+-----+--------+

Top non-repeatable levels by time:
     D:4: 976 daAuts
     D:2: 791 daAuts
     D:5: 780 daAuts
     D:6: 626 daAuts
     D:3: 484 daAuts
   Sewer: 468 daAuts
     D:1: 213 daAuts
  Temple: 88 daAuts
     D:7: 10 daAuts
